 Dungeon Crawl Stone Soup version 0.32-a0-909-gc671339a80 (webtiles) character file.

Game seed: 1044172715256357997

137 Autsider the Digger (level 5, -2/30 HPs)
             Began as a Gargoyle Earth Elementalist on Apr 6, 2024.
             Slain by an iguana (4 damage)
             ... on level 5 of the Dungeon.
             The game lasted 00:04:32 (1725 turns).

Autsider the Digger (Gargoyle Earth Elementalist)   Turns: 1725, Time: 00:04:33

Health: -2/30      AC:  7    Str: 12    XL:     5   Next: 20%
Magic:  9/9        EV: 11    Int: 17    God:
Gold:   143        SH:  0    Dex: 10    Spells: 5/9 levels left

rFire   . . .        (no weapon)
rCold   . . .        (no shield)
rNeg    + . .        a - +0 robe
rPois   ∞            q - +0 helmet
rElec   +            (no cloak)
rCorr   .            (no gloves)
SInv    .            (no boots)
Will    .....        v - amulet of magic regeneration
Stlth   ++           (no ring)
HPRegen 0.25/turn    (no ring)
MPRegen 0.51/turn

%: no passive effects
@: no status effects
A: sickness immunity, AC +4, negative energy resistance 1, electricity
resistance, torment resistance 1, petrification resistance
a: no special abilities


You were on level 5 of the Dungeon.
You visited 1 branch of the dungeon, and saw 5 of its levels.

You collected 143 gold pieces.

Inventory:

Armour
 a - a +0 robe (worn)
 m - a scarf of harm
 q - a +0 helmet (worn)
Jewellery
 e - a ring of ice
 n - an amulet of reflection
 v - an amulet of magic regeneration (around neck)
Wands
 t - a wand of mindburst (9)
 u - a wand of flame (20)
Scrolls
 c - a scroll of identify {unknown}
 d - a scroll of fear
 f - a scroll of teleportation {unknown}
 h - a scroll of torment {unknown}
 i - a scroll of immolation
 j - a scroll of poison {unknown}
 k - a scroll of brand weapon {unknown}
 o - a scroll of amnesia {unknown}
 p - a scroll of revelation
Potions
 b - a potion of magic
 g - 2 potions of degeneration {unknown}
 l - a potion of attraction {unknown}
 r - 2 potions of invisibility {unknown}
 s - a potion of curing {unknown}


   Skills:
 + Level 2.1 Fighting
 - Level 1.5 Dodging
 - Level 2.1 Stealth
 + Level 2.7 Spellcasting
 + Level 2.4 Conjurations
 * Level 5.1 Earth Magic


You had 5 spell levels left.
You knew the following spells:

 Your Spells              Type           Power      Damage    Failure   Level
a - Sandblast             Erth           38%        2d10      2%          1
b - Stone Arrow           Conj/Erth      30%        3d8       11%         3

Your spell library contained the following spells:

 Spells                   Type           Power      Damage    Failure   Level
 Passwall                 Erth           19%        N/A       6%          3
 Ensorcelled Hibernation  Hex/Ice        4%         N/A       26%         2
 Brom's Barrelling Bould  Conj/Erth      15%        2d4       36%         4
 Swiftness                Air            2%         N/A       47%         3
 Petrify                  Alch/Erth      11%        N/A       52%         4


Dungeon Overview and Level Annotations

Branches:
Dungeon (6/15)
 Temple: D:4-7

Altars:
Nemelex Xobeh

Shops:
D:3 *

Annotations:
D:5 Ijyb


Innate Abilities, Weirdness & Mutations

You are immune to sickness and miasma.
Your stone body is resilient. (AC +4)
You are immune to poison.
You resist negative energy. (rN+)
You are resistant to electric shocks. (rElec)
You are resistant to unholy torment.
You are immune to petrification.


Message History

Found 10 gold pieces.
Found a dented platinum amulet.
Found a scroll labelled TYIBIEGHEL.
v - an amulet of magic regeneration You finish removing your amulet of reflection.
You finish putting on your amulet of magic regeneration.
v - an amulet of magic regeneration (around neck)
The amulet throbs as it attunes itself to your body.
You hear the hiss of a distant avalanche of sand.
Found a ring mail.
Found a stone staircase leading up.
An iguana comes into view.
The iguana hisses angrily.
An iguana and an orc come into view.
The iguana closely misses you.
An orc comes into view. It is wielding a +0 whip.
You miscast Sandblast.
You are very lightly contaminated with residual magic.
Nothing appears to happen.
The iguana hisses angrily.
The iguana closely misses you.
The blast of sand hits the iguana but does no damage.
The iguana bites you. The iguana bites you!
* * * LOW HITPOINT WARNING * * *
Ijyb the Inquisitive comes into view.
She is wielding a +0 club and carrying a wand of flame.
Your magical contamination has completely faded away.
The iguana attacks as it pursues you! The iguana closely misses you.
Ijyb zaps a wand.
The puff of flame hits you.
* * * LOW HITPOINT WARNING * * *
The iguana attacks as it pursues you! The iguana closely misses you.
The iguana attacks as it pursues you! The iguana bites you.
* * * LOW HITPOINT WARNING * * *
Okay, then.
An orc comes into view.
It is wielding a +0 short sword and wearing a +0 ring mail of willpower.
The iguana attacks as it pursues you! The iguana misses you.
The orc moves out of view.
The orc shouts!
You hear a shout!
The iguana attacks as it pursues you! The iguana bites you!
* * * LOW HITPOINT WARNING * * *
The iguana attacks as it pursues you! The iguana bites you.
You die...

.........g......................,
.......?...........o............,
.........#....##...............,,
...##...##.#..........###....#,,,
...........oo..........##..###...
......#........l..........[###..#
,*..###..#.........$.##....#.####
,,..,*#.####....l....#)........#.
,*,,,...* ##...@................
,,,,,..,****#.....##.##..........
,,,,,,,,,......###...........###.
,,,,,,**,.......*##...........#..
,,,,,,,,..####.#**...............
>,,,,,,,.****#..**....?..>.###...
,,,,,,,,,,,**..,*,...............
,,,,,,,,,,**,,,,*,,..............
,,,,*,,,,,,,,**,*,,,...#####....#


You could see 2 iguanas and 3 orcs.

Vanquished Creatures
  A black bear (D:5)
  An adder (D:3)
  A dart slug (D:1)
  6 bats
  4 endoplasms
  A giant cockroach (D:2)
  A goblin (D:1)
  4 hobgoblins
  3 quokkas (D:1)
  4 ball pythons
  2 frilled lizards
  2 kobolds
  4 rats
34 creatures vanquished.

Notes
Turn   | Place    | Note
-------+----------+-------------------------------------------
     0 | D:1      | Autsider the Gargoyle Earth Elementalist began the quest
                  | for the Orb.
     0 | D:1      | Reached XP level 1. HP: 10/10 MP: 3/3
   141 | D:1      | Reached XP level 2. HP: 16/16 MP: 3/5
   199 | D:1      | Reached skill level 4 in Earth Magic
   593 | D:2      | Reached skill level 1 in Fighting
   609 | D:2      | Reached XP level 3. HP: 20/20 MP: 1/6
   693 | D:2      | Learned a level 3 spell: Stone Arrow
  1215 | D:3      | Found a sparkling altar of Nemelex Xobeh.
  1294 | D:3      | Found Atwutwai's Assorted Antiques.
  1430 | D:3      | Found a faded altar of an unknown god.
  1513 | D:3      | You fall into a shaft and drop 3 floors!
  1546 | D:5      | Entered Level 5 of the Dungeon
  1565 | D:5      | Noticed a black bear
  1575 | D:5      | Killed a black bear
  1576 | D:5      | Reached skill level 5 in Earth Magic
  1576 | D:5      | Reached XP level 4. HP: 9/26 MP: 0/8
  1576 | D:5      | Reached XP level 5. HP: 10/30 MP: 0/9
  1712 | D:5      | Noticed Ijyb
  1724 | D:5      | HP: 1/30 [iguana (10)]
  1725 | D:5      | Slain by an iguana

Illustrated notes

Levels and vault maps discovered:
D:1:      ncdulo_watergridlock, layout_basic
D:2:      layout_rooms, wander_ebering_terrifying_dragon_lair
D:3:      layout_loops_ring, nemelex_diamond_rough_becter,
          ebering_ecumenical_altar_abandoned, serial_shops, shop
D:5:      layout_cave_pools, overflow_temple_1_default, enter_ossuary_5,
          uniq_ijyb
D:6:      layout_loops_ring, elyvilon_altar_4, minmay_temple_entry_nine_rooms

Skill      XL: |  1  2  3 |
---------------+----------+-----
Earth Magic    | 4 5 |  5.1
Fighting       | 1 2 |  2.1
Conjurations   | 2 |  2.4
Dodging        | |  1.5
Stealth        | |  2.1
Spellcasting   | |  2.7

Action                     |  1- 3 |  4- 6 || total
---------------------------+-------+-------++-------
  Melee: Unarmed           |     3 |       ||     3
   Cast: Sandblast         |    54 |     1 ||    55
    Use: Scroll            |       |     3 ||     3
 Armour: Robe              |    20 |     6 ||    26
  Dodge: Dodged            |    16 |     5 ||    21
  Block: Other             |     2 |       ||     2

Table legend: (Time is in decaauts)
 A = Elapsed time spent in this place.
 B = Non-inter-level travel time spent in this place.
 C = Inter-level travel time spent in this place.
 D = Time resting spent in this place.
 E = Time spent auto-exploring this place.
 F = Levels seen in this place.
 G = Mean time per level.
                   A        B        C        D        E       F      G
               +--------+--------+--------+--------+--------+-----+--------+
         Total |   1752 |   1736 |     16 |     78 |   1325 |   5 |  350.4 |
       Dungeon |   1752 |   1736 |     16 |     78 |   1325 |   5 |  350.4 |
               +--------+--------+--------+--------+--------+-----+--------+

Top non-repeatable levels by time:
     D:1: 533 daAuts
     D:2: 523 daAuts
     D:3: 479 daAuts
     D:5: 182 daAuts
     D:6: 32 daAuts
